 Dungeon Crawl Stone Soup version 0.31-a0-1206-g41278d8d1d (webtiles) character file.

Game seed: 2201796545344199264

221 ytrimaz the Digger (level 5, 0/28 HPs)
             Began as a Gargoyle Earth Elementalist on Dec 13, 2023.
             Killed from afar by Natasha (10 damage)
             ... with a magic dart
             ... on level 3 of the Dungeon.
             The game lasted 00:04:46 (2512 turns).

ytrimaz the Digger (Gargoyle Earth Elementalist)    Turns: 2512, Time: 00:04:47

Health: 0/28       AC:  6    Str: 12    XL:     5   Next: 98%
Magic:  1/9        EV: 12    Int: 15    God:
Gold:   110        SH:  0    Dex: 12    Spells: 5/9 levels left

rFire   + . .        (no weapon)
rCold   . . .        (no shield)
rNeg    + . .        a - +0 robe
rPois   ∞            (no helmet)
rElec   +            (no cloak)
rCorr   .            (no gloves)
SInv    .            (no boots)
Will    .....        (no amulet)
Stlth   ++           o - ring of protection from fire
HPRegen 0.24/turn    (no ring)
MPRegen 0.11/turn

%: no passive effects
@: slowed, very slow
A: sickness immunity, AC +4, negative energy resistance 1, electricity
resistance, torment resistance 1, petrification resistance
a: no special abilities


You were on level 3 of the Dungeon.
You visited 1 branch of the dungeon, and saw 4 of its levels.

You collected 110 gold pieces.


Innate Abilities, Weirdness & Mutations

You are immune to sickness and miasma.
Your stone body is resilient. (AC +4)
You are immune to poison.
You resist negative energy. (rN+)
You are resistant to electric shocks. (rElec)
You are resistant to unholy torment.
You are immune to petrification.


   Skills:
 - Level 3.0 Dodging
 - Level 2.6 Stealth
 + Level 2.8 Spellcasting
 - Level 1.2 Transmutations
 + Level 5.7 Earth Magic


You had 5 spell levels left.
You knew the following spells:

 Your Spells              Type           Power      Damage    Failure   Level
a - Sandblast             Erth           38%        2d10      1%          1
b - Stone Arrow           Conj/Erth      20%        3d8       19%         3

Your spell library contained the following spells:

 Spells                   Type           Power      Damage    Failure   Level
 Passwall                 Tmut/Erth      10%        N/A       8%          2
 Kiss of Death            Conj/Necr      8%         2d6       21%         1
 Petrify                  Tmut/Erth      12%        N/A       43%         4
 Confusing Touch          Hex            2%         N/A       52%         3
 Volatile Blastmotes      Fire/Tloc      4%         2d10      52%         3
 Brom's Barrelling Bould  Conj/Erth      10%        2d3       54%         4
 Dispel Undead            Necr           2%         3d7       90%         4
 Fulminant Prism          Conj/Hex       1%         3d5       90%         4
 Iskenderun's Mystic Bla  Conj/Tloc      2%         2d3       90%         4

Inventory:

Armour
 a - a +0 robe (worn)
Jewellery
 o - a ring of protection from fire (left hand)
   (You found it on level 3 of the Dungeon)
Wands
 m - a wand of flame (11)
   (You found it on level 3 of the Dungeon)
Scrolls
 d - 3 scrolls of enchant weapon
 f - a scroll of vulnerability {unknown}
 h - 2 scrolls of fear {unknown}
 i - a scroll of noise {unknown}
 l - a scroll of poison {unknown}
 n - 2 scrolls of identify {unknown}
Potions
 b - a potion of magic
 c - a potion of curing {unknown}
 e - a potion of attraction {unknown}
 g - a potion of degeneration {unknown}
 j - 3 potions of heal wounds {unknown}
 k - a potion of mutation {unknown}

Dungeon Overview and Level Annotations

Branches:
Dungeon (4/15) Zot: 21438
 Temple: D:4-7

Altars:
Elyvilon
Makhleb

Shops:
D:3 [

Annotations:
D:3 Natasha

#.......#....#..###...####..###.#
..........+''##.###.#......##...#
#.#.###...'∩+.#.......#######.###
....# ##..+++........## #.#
#.########.......##..## #.#
..###.......####).....### ##.# #
......####### ##.##†...####..# #
[.........#######.###>#...##.####
###..####[......@.h...###........
##.# ########..##..# ####.####
###.####........###### #.# #
##........######## #.# #
...#....### ###.####
...####..#################...##..
##.[..........................†..
#######........#########.######..
...............# ### #..


You could see Natasha.


Message History

Unknown command.
Unknown command.
Unknown command.
Unknown command.
There is a stone staircase leading up here. 😎 MP[+1]
You climb upwards.
There is a stone staircase leading down here.
Unknown command.
Unknown command.
You start resting.
Your magical contamination has completely faded away.
Unknown command.
Unknown command.
You climb downwards.
You hear the sound of rushing water.
There is an entrance to a sewer on this level.
Hurry and find it before the portal rusts away!
The giant cockroach closely misses you. The giant cockroach barely misses you.
A rat comes into view.
There is a stone staircase leading up here.
Unknown command.
The giant cockroach barely misses you.
The ball python bites you but does no damage.
The ball python barely misses you.
You climb upwards.
There is a stone staircase leading down here.
Unknown command.
Unknown command.
The blast of sand hits the giant cockroach.
You kill the giant cockroach!
The ball python barely misses you. The ball python completely misses you.
The ball python bites you.
The ball python closely misses you. 😕 HP[-2]
You take 2 damage, and now have 26/28 hp.
Unknown command.
Aiming: Sandblast (safe; 1% risk of failure)
Press: ? - help, Q - select action, (/) - cycle Shift-Dir - straight line, f - ball python
Aim: a ball python (80% to hit)
The blast of sand hits the ball python!
You kill the ball python! 😕 MP[-1]
You lost 1 mp, and now have 0/9 mp.
Unknown command.
Unknown command.
You start resting. 😎 HP[+2] MP[+1]
Your hp is fully restored (28).
Unknown command.
You start resting.
Natasha, Servant of Life and Death comes into view. 😎 MP[+1] Natasha is nearby!
Unknown command.
The blast of sand hits Natasha!
Natasha hisses angrily.
Natasha stares at you and mumbles some strange words.
The magic dart hits you. 😕 HP[-3] MP[-1]
You take 3 damage, and now have 25/28 hp.
You lost 1 mp, and now have 1/9 mp.
The blast of sand hits Natasha. 😕 MP[-1]
You lost 1 mp, and now have 0/9 mp.
You are out of magic!
Natasha is nearby!
Unknown command.
Natasha stares at you and mumbles some strange words.
The magic dart hits you. 😕 HP[-2]
You take 2 damage, and now have 23/28 hp.
Natasha casts a spell at you.
You feel yourself slow down.
You don't have enough magic to cast this spell. 😕 HP[+1] MP[+1] Unknown command.
Unknown command.
Natasha claws you but does no damage. Natasha claws you. 😮 HP[-5]
You take 5 damage, and now have 19/28 hp.
Unknown command.
Natasha closely misses you. 😮 HP[+1] Unknown command.
Natasha extends her claws.
Natasha attacks as she pursues you! Natasha claws you.
Natasha casts a spell at you. The magic dart hits you.
* * * LOW HITPOINT WARNING * * *
😨 HP[-6]
You take 6 damage, and now have 14/28 hp.
MASSIVE DAMAGE!! (PAUSE) Natasha casts a spell at you.
The magic dart hits you.
* * * LOW HITPOINT WARNING * * *
Natasha howls an incantation.
Natasha glows brightly for a moment.
Natasha stares at you and mumbles some strange words.
The magic dart hits you!
You die...
Natasha curls up and begins to purr.

Skill      XL: |  1  2  3  4  5 |
---------------+----------------+-----
Transmutations | 1 |  1.2
Earth Magic    | 4 5 |  5.7
Dodging        | 2 3 |  3.0
Stealth        | |  2.6
Spellcasting   | |  2.8

Action                     |  1- 3 |  4- 6 || total
---------------------------+-------+-------++-------
  Melee: Unarmed           |    15 |       ||    15
   Cast: Sandblast         |    36 |    55 ||    91
         Stone Arrow       |       |     1 ||     1
    Use: Scroll            |       |     1 ||     1
 Armour: Robe              |    14 |    22 ||    36
  Dodge: Dodged            |    17 |    15 ||    32

Levels and vault maps discovered:
D:1:      dpeg_arrival_connections, layout_rooms
D:2:      layout_loops_ring, basic_altar, grunt_decor_one_mirror
D:3:      layout_rooms, serial_shops, nicolae_shop_tiny_real_fake_doors,
          kennysheep_generic_room_3, uniq_natasha, uniq_jessica
D:4:      layout_rooms, mainiacjoe_overflow_small_starburst,
          portal_sewer_entry_b

Notes
Turn   | Place    | Note
-------+----------+-------------------------------------------
     0 | D:1      | ytrimaz the Gargoyle Earth Elementalist began the quest for
                  | the Orb.
     0 | D:1      | Reached XP level 1. HP: 10/10 MP: 3/3
     0 | D:1      | magus.rc [v1.9.6]
   375 | D:1      | Reached skill level 1 in Transmutations
   375 | D:1      | Reached XP level 2. HP: 15/15 MP: 3/5
   751 | D:2      | Found a burning altar of Makhleb.
   756 | D:2      | Reached XP level 3. HP: 19/19 MP: 4/6
   761 | D:2      | Learned a level 3 spell: Stone Arrow
   852 | D:2      | Reached skill level 4 in Earth Magic
   951 | D:2      | Reached skill level 2 in Dodging
  1041 | D:2      | You pick up a book of Blasting and begin reading...
  1041 | D:2      | You add the spells Volatile Blastmotes, Fulminant Prism and
                  | Iskenderun's Mystic Blast to your library.
  1457 | D:3      | Noticed Jessica
  1458 | D:3      | Killed Jessica
  1459 | D:3      | Reached XP level 4. HP: 24/24 MP: 5/7
  1576 | D:3      | You pick up a book of Touch and begin reading...
  1576 | D:3      | You add the spells Kiss of Death, Confusing Touch and
                  | Dispel Undead to your library.
  1669 | D:3      | Reached skill level 5 in Earth Magic
  1669 | D:3      | Reached XP level 5. HP: 19/28 MP: 0/8
  1885 | D:3      | Found Mutrir's Antique Armour Shop.
  1977 | D:3      | Reached skill level 3 in Dodging
  2315 | D:3      | Noticed Natasha
  2319 | D:3      | Killed Natasha
  2397 | D:4      | Found a white marble altar of Elyvilon.
  2502 | D:3      | Noticed Natasha
  2512 | D:3      | Killed from afar by Natasha

Vanquished Creatures
  Jessica (D:3)
  Natasha (D:3)
  An iguana (D:4)
  4 gnolls (D:3)
  4 adders
  A river rat (D:4)
  5 orcs
  6 bats
  4 endoplasms
  5 giant cockroaches
  4 goblins
  4 hobgoblins
  6 kobolds
  3 quokkas
  8 ball pythons
  2 frilled lizards
  2 rats
61 creatures vanquished.

Table legend:
 A = Non-vault XP
 B = Vault XP
 C = Vault XP percentage of total XP
 D = Non-vault monster count
 E = Vault monster count
 F = Vault count percentage of total count
                 A         B        C        D         E       F
            +---------+---------+-------+---------+---------+-------
      Total |     226 |      90 |  28.5 |      55 |       6 |   9.8
            +---------+---------+-------+---------+---------+-------
        D:1 |      13 |       0 |   0.0 |       8 |       0 |   0.0
        D:2 |      66 |       0 |   0.0 |      20 |       0 |   0.0
        D:3 |     109 |      77 |  41.4 |      25 |       5 |  16.7
        D:4 |      38 |      13 |  25.5 |       2 |       1 |  33.3
            +---------+---------+-------+---------+---------+-------

Skill      XL: |  1  2  3  4  5 |
---------------+----------------+-----
Transmutations | 1 |  1.2
Earth Magic    | 4 5 |  5.7
Dodging        | 2 3 |  3.0
Stealth        | |  2.6
Spellcasting   | |  2.8

Action                     |  1- 3 |  4- 6 || total
---------------------------+-------+-------++-------
  Melee: Unarmed           |    15 |       ||    15
   Cast: Sandblast         |    36 |    55 ||    91
         Stone Arrow       |       |     1 ||     1
    Use: Scroll            |       |     1 ||     1
 Armour: Robe              |    14 |    22 ||    36
  Dodge: Dodged            |    17 |    15 ||    32

Illustrated notes

Table legend:
 A = Kills in this place as a percentage of kills in the entire game.
 B = Kills by you in this place as a percentage of kills by you in the entire game.
 C = Kills by friends in this place as a percentage of kills by friends in the entire game.
 D = Other kills in this place as a percentage of other kills in the entire game.
 E = Experience gained in this place as a percentage of experience gained in the entire game.
 F = Experience gained in this place divided by the number of levels of this place that you have seen.
                   A       B       C       D       E      F
               +-------+-------+-------+-------+-------+----------------------
         Total | 100.0 | 100.0 |   N/A |   N/A | 100.0 |  79.0
       Dungeon | 100.0 | 100.0 |   N/A |   N/A | 100.0 |  79.0
               +-------+-------+-------+-------+-------+----------------------

Table legend: (Time is in decaauts)
 A = Elapsed time spent in this place.
 B = Non-inter-level travel time spent in this place.
 C = Inter-level travel time spent in this place.
 D = Time resting spent in this place.
 E = Time spent auto-exploring this place.
 F = Levels seen in this place.
 G = Mean time per level.
                   A        B        C        D        E       F      G
               +--------+--------+--------+--------+--------+-----+--------+
         Total |   2560 |   2514 |     46 |     75 |   2066 |   4 |  640.0 |
       Dungeon |   2560 |   2514 |     46 |     75 |   2066 |   4 |  640.0 |
               +--------+--------+--------+--------+--------+-----+--------+

Top non-repeatable levels by time:
     D:3: 1000 daAuts
     D:2: 903 daAuts
     D:1: 570 daAuts
     D:4: 85 daAuts
